 Dungeon Crawl Stone Soup version 0.27-a0-802-gbe893936b8 (webtiles) character file.

Game seed: 9365487394939796705

24 Brimbel the Digger (level 3, -3/19 HPs)
             Began as a Gargoyle Earth Elementalist on Mar 28, 2021.
             Slain by Terence
             ... wielding a +0 flail
              (8 damage)
             ... on level 2 of the Dungeon.
             The game lasted 00:02:14 (1543 turns).

Brimbel the Digger (Gargoyle Earth Elementalist)    Turns: 1543, Time: 00:02:14

Health: -3/19      AC:  5    Str: 11    XL:     3   Next: 2%
Magic:  15/15      EV: 11    Int: 16    God:
Gold:   21         SH:  0    Dex: 10    Spells: 6/7 levels left

rFire    . . .     SeeInvis .   j - +1 short sword (venom)
rCold    . . .     Faith    .   (no shield)
rNeg     + . .     Spirit   .   c - +0 robe
rPois    ∞         Reflect  .   (no helmet)
rElec    +         Harm     .   (no cloak)
rCorr    .         Rampage  .   (no gloves)
Will     .....                  (no boots)
Stlth    ++........             (no amulet)
HPRegen  0.06/turn              h - ring of magical power
MPRegen  0.14/turn              (no ring)

@: flying
A: AC +3, negative energy resistance 1, electricity resistance, torment
resistance 1, unbreathing 1, petrification resistance
a: no special abilities


You were on level 2 of the Dungeon.
You visited 1 branch of the dungeon, and saw 2 of its levels.

You collected 21 gold pieces.

Inventory:

Hand Weapons
 j - a +1 short sword of venom (weapon)
 k - a +0 mace of protection
Missiles
 b - 44 stones
Armour
 c - a +0 robe (worn)
Jewellery
 h - a ring of magical power (left hand)
Scrolls
 g - a scroll of teleportation
 i - a scroll of fear {unknown}


   Skills:
 - Level 1.5 Dodging
 - Level 2.1 Stealth
 + Level 2.6 Spellcasting
 - Level 0.7 Transmutations
 + Level 4.3 Earth Magic


You had 6 spell levels left.
You knew the following spells:

 Your Spells              Type           Power      Damage    Failure   Level
a - Sandblast             Erth           32%        2d9       3%          1

Your spell library contained the following spells:

 Spells                   Type           Power      Damage    Failure   Level
 Passwall                 Tmut/Erth      8%         N/A       11%         2
 Stone Arrow              Conj/Erth      18%        3d8       24%         3
 Petrify                  Tmut/Erth      10%        N/A       56%         4
 Lee's Rapid Deconstruct  Erth           8%         3d8*      65%         5


Dungeon Overview and Level Annotations

Branches:
Dungeon (2/15)

Altars:

Annotations:
D:2 Terence


Innate Abilities, Weirdness & Mutations

Your stone body is resilient. (AC +3)
You are immune to poison.
You resist negative energy. (rN+)
You are resistant to electric shocks. (rElec)
You are resistant to unholy torment.
You can survive without breathing.
You are immune to petrification.


Message History

You fade into invisibility!
Terence hits you with a +0 flail.
* * * LOW HITPOINT WARNING * * *
You are very lightly contaminated with residual magic.
Found a flail.
You see here a +0 flail.
Found a sedimented emerald potion.
a - a sedimented emerald potion You flicker for a moment.
You start resting.
You flicker back into view.
You start resting.
Your magical contamination has completely faded away.
You start resting.
Terence is nearby!
Terence is nearby!
It was a potion of flight.
You feel very buoyant.
You fly up into the air.
Casting: Sandblast (safe; 3% risk of failure)
Confirm with . or Enter, or press ? or * to list all spells.
You don't know that spell.
Unknown command.
Unknown command.
As you read the scroll labelled CACWYI HUUWIO, it crumbles to dust.
It is a scroll of enchant weapon.
Your +0 short sword of venom glows red for a moment.
Terence hits you with a +0 flail!
* * * LOW HITPOINT WARNING * * *
You are too injured to fight recklessly!
You are too injured to fight recklessly!
You are too injured to fight recklessly!
Unknown command.
You aren't carrying any potions.
As you read the scroll labelled CESCHU FAOTY, it crumbles to dust.
It is a scroll of identify.
g - a scroll of teleportation Terence screams, "I want your blood!"
Terence hits you with a +0 flail!
You die...

#..@ #....
... #.#.# ##
#.#.# #@#.#
#.#.# #....
#..Z.
#.###########
#....
#...@@......#
#....
###########.#
#.... #.#
#.... #.#
#....
#.#####)#+#
#.......#
#....#######
+.....
#....##


You could see Terence.

Vanquished Creatures
  A dart slug (D:1)
  5 ball pythons
  An endoplasm (D:2)
  A giant cockroach (D:1)
  4 goblins (D:1)
  A hobgoblin (D:2)
  A jackal (D:1)
  2 frilled lizards (D:1)
  3 kobolds (D:1)
  2 rats
21 creatures vanquished.

Notes
Turn   | Place    | Note
-------+----------+-------------------------------------------
     0 | D:1      | Brimbel the Gargoyle Earth Elementalist began the quest for
                  | the Orb.
     0 | D:1      | Reached XP level 1. HP: 10/10 MP: 3/3
   309 | D:1      | Reached XP level 2. HP: 9/15 MP: 5/5
   312 | D:1      | Reached skill level 4 in Earth Magic
  1375 | D:2      | Noticed Terence
  1394 | D:2      | Reached XP level 3. HP: 9/19 MP: 6/6
  1543 | D:2      | Slain by Terence

Illustrated notes

Levels and vault maps discovered:
D:1:      moated_graveyard_arrival, layout_rooms, minmay_split_cup_large
D:2:      layout_basic, uniq_terence

Skill      XL: |  1  2 |
---------------+-------+-----
Earth Magic    | 4 |  4.3
Dodging        | |  1.5
Stealth        | |  2.1
Spellcasting   | |  2.6
Transmutations | |  0.7

Action                   || total
-------------------------++-------
Melee: Club              ||    56
       Short sword       ||    10
 Cast: Sandblast         ||    11
  Use: Scroll            ||     2
       Potion            ||     2
 Stab: Sleeping          ||     1
Armor: Robe              ||    21
Dodge: Dodged            ||    52

Table legend: (Time is in decaauts)
 A = Elapsed time spent in this place.
 B = Non-inter-level travel time spent in this place.
 C = Inter-level travel time spent in this place.
 D = Time resting spent in this place.
 E = Time spent auto-exploring this place.
 F = Levels seen in this place.
 G = Mean time per level.
                   A        B        C        D        E       F      G
               +--------+--------+--------+--------+--------+-----+--------+
         Total |   1559 |   1536 |     23 |    113 |   1187 |   2 |  779.5 |
       Dungeon |   1559 |   1536 |     23 |    113 |   1187 |   2 |  779.5 |
               +--------+--------+--------+--------+--------+-----+--------+

Top non-repeatable levels by time:
     D:1: 1327 daAuts
     D:2: 231 daAuts
